 Dungeon Crawl Stone Soup version 0.20-a0-317-gc038824 (webtiles) character file.

1349 Junicave the Digger (level 8, -1/46 HPs)
             Began as a Gargoyle Earth Elementalist on Dec 21, 2016.
             Was a Follower of Vehumet.
             Slain by an orc warrior
             ... wielding a +0 mace
              (12 damage)
             ... on level 6 of the Dungeon.
             The game lasted 00:26:44 (9416 turns).

Junicave the Digger (Gargoyle Earth Elementalist)   Turns: 9416, Time: 00:26:45

Health: -1/46      AC:  8    Str: 12    XL:     8   Next: 63%
Magic:  10/16      EV: 11    Int: 18    God:    Vehumet [*.....]
Gold:   430        SH:  0    Dex: 10    Spells: 7/17 levels left

rFire  . . .     SeeInvis .     v - +2 morningstar (venom) (curse)
rCold  + . .     Gourm    .     k - +0 leather armour
rNeg   + . .     Faith    .     (no shield)
rPois  ∞         Spirit   .     (no helmet)
rElec  +         Reflect  .     (no cloak)
rCorr  .         Harm     .     (no gloves)
MR     .....                    (no boots)
Stlth  ++........               (no amulet)
                                J - ring of wizardry
                                w - ring of protection from cold

@: very slightly contaminated
A: negative energy resistance 1, electricity resistance, unbreathing,
petrification resistance, rot immunity, AC +5
a: Renounce Religion


You were on level 6 of the Dungeon.
You worshipped Vehumet.
Vehumet was aware of your devotion.
You were not hungry.

You visited 2 branches of the dungeon, and saw 7 of its levels.

You collected 430 gold pieces.

Inventory:

Hand Weapons
 m - a +0 mace
 o - a cursed -1 flail
 r - a +0 flail of holy wrath
 v - a cursed +2 morningstar of venom (weapon)
 y - the cursed +3 mace of Fesiuhy {venom, Str+2 SInv}
   (You found it on level 5 of the Dungeon)

   It poisons the flesh of those it strikes.
   It affects your strength (+2).
   It lets you see invisible.
   It has a curse placed upon it.
Missiles
 b - 123 stones (quivered)
Armour
 c - a +0 robe
 g - a +0 buckler
 k - a +0 leather armour (worn)
Magical Staves
 D - an uncursed staff of death {unknown}
Jewellery
 w - a ring of protection from cold (left hand)
 J - a ring of wizardry (right hand)
Wands
 q - a wand of flame (20/48)
 I - a wand of flame (21/48)
 K - a wand of disintegration (13/24)
Scrolls
 f - 2 scrolls of enchant weapon {unknown}
 i - 2 scrolls of teleportation {unknown}
 n - a scroll of fear {unknown}
 s - a scroll of fog {unknown}
 u - a scroll of enchant armour {unknown}
 A - a scroll of remove curse {unknown}
 C - a scroll of amnesia {unknown}
 E - a scroll of noise {unknown}
 F - a scroll of blinking {unknown}
 G - 3 scrolls of identify
Potions
 a - 2 potions of invisibility {unknown}
 h - 2 potions of curing
 l - a potion of brilliance {unknown}
 p - a potion of berserk rage {unknown}
 t - a potion of lignification {unknown}
 B - a potion of heal wounds
Books
 e - a book of Geomancy

   Spells                             Type                      Level
   a - Sandblast                      Earth                        1
   b - Passwall                       Transmutation/Earth          2
   c - Stone Arrow                    Conjuration/Earth            3
   d - Petrify                        Transmutation/Earth          4
   e - Lee's Rapid Deconstruction     Earth                        5
Comestibles
 d - 5 bread rations
 j - 3 meat rations
 x - 12 chunks of flesh
 z - a royal jelly
 H - a beef jerky


   Skills:
 + Level 3.4 Fighting
 + Level 3.6 Maces & Flails
 + Level 2.7 Armour
 - Level 1.5 Dodging
 - Level 2.1 Stealth
 + Level 2.1 Shields
 + Level 5.3 Spellcasting
 + Level 3.5 Conjurations
   Level 0.7 Transmutations
 + Level 1.0 Fire Magic
 + Level 6.1 Earth Magic
 + Level 1.2 Evocations


You had 7 spell levels left.
You knew the following spells:

 Your Spells              Type           Power        Failure   Level  Hunger
a - Sandblast             Erth           ####..       1%          1    None
b - Stone Arrow           Conj/Erth      ###...       4%          3    ##.....
c - Lee's Rapid Deconstr  Erth           ####......   14%         5    ######.
d - Flame Tongue          Conj/Fire      ##...        3%          1    None


Dungeon Overview and Level Annotations

Branches:
Dungeon (6/15)             Temple (1/1) D:4

Altars:
Ashenzari
Cheibriados
Dithmenos
Elyvilon
Fedhas
Gozag
Hepliaklqana
Kikubaaqudgha
Makhleb
Nemelex Xobeh
Okawaru
Qazlal
Ru
Sif Muna
Trog
Uskayaw
Vehumet
Xom
Zin
The Shining One


Innate Abilities, Weirdness & Mutations

You are resistant to torment.
Your stone body is resilient. (AC +5)
You are immune to poison.
You resist negative energy. (rN+)
You are resistant to electric shocks. (rElec)
You can survive without breathing.
You are immune to petrification.
You are immune to rotting.


Message History

You closely miss the orc warrior.
The orc warrior is lightly wounded.
The orc warrior hits you with a mace. The orc warrior hits you with a mace!!
Some of the chunks of flesh in your inventory have rotted away.
You completely miss the orc warrior.
The orc warrior is lightly wounded.
The orc warrior hits you but does no damage.
You closely miss the orc warrior.
The orc warrior is lightly wounded.
The orc warrior hits you with a mace!
* * * LOW HITPOINT WARNING * * *
Casting: Stone Arrow
Confirm with . or Enter, or press ? or * to list all spells.
Aiming: Stone Arrow
Press: ? - help, Shift-Dir - straight line, f - orc warrior
Aim: an orc warrior, wielding a mace and wearing a chain mail (lightly wounded, poisoned)
The stone arrow hits the orc warrior.
The orc warrior is heavily wounded.
The orc warrior hits you with a mace!
You die...

..# #.##.# #.# #.#
#.##.# #(# #.# #.##.#
#.# #.# #.##.#### #.#
#.# #.##.##.####.##
#.###........##...#
#.####.##.#.#........#..
#..........#.###)###...#
....####@##.##.##.#
##).. s #o###.###.#.#
#.(..
##.##.##.##.###.###
##o#.#[##...##.# #
##o..##.....#.###
##...........)..
#.#######o###.....#.###
#................##÷# #
####oo#########.###.#


You could see an orc warrior.

Vanquished Creatures
  2 phantoms
  2 ogres
  A centaur (D:6)
  5 wights (D:3)
  2 bullfrog zombies
  A crimson imp (D:5)
  A quasit (D:5)
  A hound (D:4)
  A centaur zombie (D:5)
  An orc priest (D:3)
  2 iguanas
  An orc wizard (D:4)
  6 worker ants
  5 gnolls
  8 adders
  An adder zombie (D:5)
  13 worms
  2 dart slugs
  4 leopard geckos
  11 orcs
  6 bats
  5 giant cockroaches
  6 goblins
  14 hobgoblins
  7 jackals
  8 kobolds
  4 quokkas
  A ball python (D:2)
  6 frilled lizards
  A jackal skeleton (D:3)
  A leopard gecko zombie (D:5)
  10 rats
139 creatures vanquished.

Notes
Turn   | Place    | Note
-------+----------+-------------------------------------------
     0 | D:1      | Junicave the Gargoyle Earth Elementalist began the quest for the Orb.
     0 | D:1      | Reached XP level 1. HP: 10/10 MP: 3/3
   288 | D:1      | Reached XP level 2. HP: 14/15 MP: 0/5
   328 | D:1      | Reached skill level 4 in Earth Magic
  1012 | D:1      | Reached XP level 3. HP: 16/19 MP: 7/7
  1017 | D:1      | Learned a level 3 spell: Stone Arrow
  1949 | D:2      | Reached skill level 1 in Conjurations
  1983 | D:2      | Reached XP level 4. HP: 15/24 MP: 2/8
  2152 | D:2      | Reached skill level 1 in Maces & Flails
  2685 | D:2      | Reached XP level 5. HP: 28/28 MP: 8/10
  3600 | D:3      | Reached skill level 1 in Fighting
  5269 | D:4      | Reached skill level 5 in Earth Magic
  5396 | D:4      | Reached XP level 6. HP: 24/34 MP: 7/11
  5403 | D:4      | Learned a level 5 spell: Lee's Rapid Deconstruction
  5535 | D:4      | Found a staircase to the Ecumenical Temple.
  6260 | Temple   | Entered the Ecumenical Temple
  6461 | Temple   | Became a worshipper of Vehumet
  6733 | D:3      | Reached skill level 1 in Armour
  6771 | D:3      | Reached XP level 7. HP: 5/39 MP: 4/13
  8065 | D:5      | Entered Level 5 of the Dungeon
  8229 | D:5      | Got a crystal mace
  8231 | D:5      | Identified the cursed +3 mace of Fesiuhy {venom, Str+2 SInv} (You found it on level 5 of the Dungeon)
  8258 | D:5      | Found a shadowy altar of Dithmenos.
  8259 | D:5      | Found a snail-covered altar of Cheibriados.
  8259 | D:5      | Found a stormy altar of Qazlal.
  8260 | D:5      | Found a shimmering altar of Xom.
  8260 | D:5      | Found a hide-covered altar of Uskayaw.
  8270 | D:5      | Found a bloodstained altar of Trog.
  8356 | D:5      | Reached XP level 8. HP: 38/45 MP: 15/15
  8362 | D:5      | Reached skill level 5 in Spellcasting
  8425 | D:5      | Reached skill level 6 in Earth Magic
  8451 | D:5      | Reached skill level 1 in Shields
  8530 | D:5      | Reached * piety under Vehumet
  8530 | D:5      | Offered knowledge of Flame Tongue by Vehumet.
  8533 | D:5      | Learned a level 1 spell: Flame Tongue
  8655 | D:5      | Found a bloodstained altar of Trog.
  8655 | D:5      | Found a blossoming altar of Fedhas.
  8662 | D:5      | Found an ancient bone altar of Kikubaaqudgha.
  8665 | D:5      | Found a faded altar of an unknown god.
  8670 | D:5      | Found a white marble altar of Elyvilon.
  8845 | D:5      | Found a shadowy altar of Dithmenos.
  8845 | D:5      | Found a snail-covered altar of Cheibriados.
  8847 | D:5      | Found a shimmering altar of Xom.
  8849 | D:5      | Found a stormy altar of Qazlal.
  8855 | D:5      | Found a bloodstained altar of Trog.
  8885 | D:5      | Found a hide-covered altar of Uskayaw.
  9075 | D:5      | Found a bloodstained altar of Trog.
  9075 | D:5      | Found a blossoming altar of Fedhas.
  9080 | D:5      | Found an ancient bone altar of Kikubaaqudgha.
  9082 | D:5      | Found a faded altar of an unknown god.
  9084 | D:5      | Found a white marble altar of Elyvilon.
  9123 | D:5      | Reached skill level 1 in Evocations
  9351 | D:6      | Reached skill level 1 in Fire Magic
  9416 | D:6      | Slain by an orc warrior

Vault maps used:
D:1:      lightli_arrival_isolated_outpost, minivault_23
D:2:      minmay_wonky_spiral
D:3:      first_bread
D:4:      minmay_diamond_boxcup
D:5:      chequers_temple_overflow_minitemple, grunt_temple_overflow_open,
          st_stairs_6, minmay_misc_feat_alley, trog_butcher_becter
Temple:   minmay_temple_curvy_loop

Skill      XL: |  1  2  3  4  5  6  7  8 |
---------------+-------------------------+-----
Earth Magic    | 4 5 6 |  6.1
Spellcasting   | 3 4 5 |  5.3
Conjurations   | 1 2 3 |  3.5
Maces & Flails | 1 2 3 |  3.6
Fighting       | 1 2 3 |  3.4
Armour         | 1 2 |  2.7
Shields        | 2 |  2.1
Evocations     | 1 |  1.2
Fire Magic     | 1 |  1.0
Dodging        | |  1.5
Stealth        | |  2.1
Transmutations | |  0.7

Action                   |  1- 3 |  4- 6 |  7- 9 || total
-------------------------+-------+-------+-------++-------
Melee: Whip              |    70 |    46 |       ||   116
       Unarmed           |     5 |       |       ||     5
       Short sword       |     2 |       |       ||     2
       Mace              |       |    81 |       ||    81
       Flail             |       |    61 |       ||    61
       Morningstar       |       |       |   117 ||   117
 Cast: Sandblast         |    71 |   105 |     2 ||   178
       Stone Arrow       |       |     7 |    21 ||    28
       Flame Tongue      |       |       |     1 ||     1
  Use: Scroll            |       |       |     3 ||     3
 Stab: Sleeping          |       |     2 |     1 ||     3
       Distracted        |       |       |     1 ||     1
  Eat: Chunk             |     4 |    13 |     6 ||    23
       Beef jerky        |       |     1 |       ||     1
       Meat ration       |       |       |     1 ||     1
Armor: Robe              |    29 |       |       ||    29
       Leather armour    |       |   107 |    56 ||   163
Dodge: Dodged            |    83 |   161 |    70 ||   314
